 Dungeon Crawl Stone Soup version 0.27-a0-920-gb2bd10914a (webtiles) character file.

Game seed: 10046000524424444632

51 siradein the Chopper (level 3, 0/31 HPs)
             Began as a Ghoul Fighter on Apr 9, 2021.
             Slain by a kobold
             ... wielding a +0 club
              (3 damage)
             ... on level 2 of the Dungeon.
             The game lasted 00:01:52 (938 turns).

siradein the Chopper (Ghoul Fighter)                 Turns: 938, Time: 00:01:53

Health: 0/31       AC:  8    Str: 19    XL:     3   Next: 81%
Magic:  2/2        EV:  9    Int:  3    God:
Gold:   69         SH:  0    Dex:  9    Spells: 2/2 levels left

rFire    . . .     SeeInvis .   a - +0 war axe
rCold    + . .     Faith    .   (no shield)
rNeg     + + +     Spirit   .   b - +0 scale mail
rPois    ∞         Reflect  .   (no helmet)
rElec    .         Harm     .   h - +0 cloak
rCorr    .         Rampage  .   (no gloves)
Will     .....                  e - +0 pair of boots
Stlth    ..........             (no amulet)
HPRegen  0.00/turn              (no ring)
MPRegen  0.08/turn              (no ring)

@: slowed, very slow
A: claws 1, cold resistance 1, negative energy resistance 3, inhibited
regeneration, torment resistance 2, unbreathing 1
a: no special abilities


You were on level 2 of the Dungeon.
You visited 1 branch of the dungeon, and saw 2 of its levels.

You collected 69 gold pieces.

Inventory:

Hand Weapons
 a - a +0 war axe (weapon)
Armour
 b - a +0 scale mail (worn)
 c - a +0 kite shield
 e - a +0 pair of boots (worn)
 h - a +0 cloak (worn)
Scrolls
 f - a scroll of amnesia {unknown}
 g - a scroll of identify {unknown}
Potions
 d - a potion of might
 i - 2 potions of haste {unknown}


   Skills:
 - Level 3.2 Fighting
 + Level 3.6 Axes
 - Level 2.6 Armour
 - Level 2.6 Shields


You had 2 spell levels left.
You didn't know any spells.
Your spell library contained the following spells:

 Spells                   Type           Power      Damage    Failure   Level
 Animate Skeleton         Necr           0%         N/A       88%         1
 Apportation              Tloc           0%         N/A       88%         1
 Corona                   Hex            0%         N/A       88%         1
 Summon Small Mammal      Summ           0%         N/A       88%         1


Dungeon Overview and Level Annotations

Branches:
Dungeon (2/15)

Altars:

Annotations:
D:2 Natasha


Innate Abilities, Weirdness & Mutations

You thrive by killing the living.
You are immune to poison.
You have sharp fingernails.
Your flesh is cold resistant. (rC+)
You are immune to negative energy. (rN+++)
You do not regenerate when monsters are visible.
You are immune to unholy pain and torment.
You can survive without breathing.


Message History

The shadow imp hits you but does no damage.
Unknown command.
You hit Natasha.
You kill Natasha!
Natasha screams in pain as she dies!
The shadow imp disappears in a puff of smoke!
Natasha, Servant of Life and Death comes into view.
Natasha moves out of view.
Natasha is nearby!
Natasha is nearby!
Natasha casts a spell at you. The magic dart hits you.
* * * LOW HITPOINT WARNING * * *
Natasha wildly gestures.
Natasha glows brightly for a moment.
Natasha stares at you and mumbles some strange words.
You feel as though you will be slow longer.
Found a fuming inky potion.
A kobold comes into view. It is wielding a +0 club.
The kobold shouts!
The kobold moves out of view.
You hit the kobold but do no damage. You barely miss Natasha.
Natasha completely misses you. The kobold barely misses you. Natasha claws you.
* * * LOW HITPOINT WARNING * * *
The kobold hits you with a +0 club.
* * * LOW HITPOINT WARNING * * *
The kobold barely misses you. Natasha claws you.
* * * LOW HITPOINT WARNING * * *
The kobold hits you but does no damage.
Natasha mumbles some strange words.
The kobold completely misses you. The kobold completely misses you.
The crimson imp blinks!
The kobold barely misses you. The kobold barely misses you.
The kobold hits you but does no damage.
The crimson imp blinks!
The crimson imp blinks!
The kobold barely misses you. The kobold hits you with a +0 club.
You die...

.. ###########.# .#
#..<...@Kh#.##.#
#.#.#####.#.##.# #.#.#
#.#.##.# #.#.# #.#.##.#
#.#†# #.#.##.# #.#.#
#.#..#.##
#.#.#####5..5...#######
#..........♣.♣........#
####.####.♣†♣.♣.......#


You could see Natasha and a kobold.

Vanquished Creatures
  Natasha (D:2)
  A dart slug (D:1)
  An endoplasm (D:1)
  2 giant cockroaches (D:1)
  A goblin (D:1)
  A hobgoblin (D:1)
  2 jackals (D:1)
  A quokka (D:1)
  4 ball pythons
  3 bats (D:1)
  4 kobolds (D:1)
  A rat (D:1)
22 creatures vanquished.

Vanquished Creatures (others)
  2 jackals (D:2)
  A kobold (D:2)
3 creatures vanquished.

Grand Total: 25 creatures vanquished

Notes
Turn   | Place    | Note
-------+----------+-------------------------------------------
     0 | D:1      | siradein the Ghoul Fighter began the quest for the Orb.
     0 | D:1      | Reached XP level 1. HP: 19/19 MP: 0/0
   171 | D:1      | Reached XP level 2. HP: 20/26 MP: 1/1
   657 | D:1      | Reached XP level 3. HP: 31/31 MP: 2/2
   897 | D:2      | Found a faded altar of an unknown god.
   897 | D:2      | Noticed Natasha
   910 | D:2      | Killed Natasha
   914 | D:2      | Noticed Natasha
   938 | D:2      | Slain by a kobold

Illustrated notes

Levels and vault maps discovered:
D:1:      dpeg_chamrin_arrival_tetris, layout_rooms, serial_curves,
          eino_curves_04, eino_curves_02
D:2:      minmay_chambers_of_twos, layout_basic,
          chequers_ecumenical_altar_simple_redux, serial_shops, shop,
          lemuel_flame_loot_1, uniq_crazy_yiuf_cottage, uniq_natasha

Skill      XL: |  1  2 |
---------------+-------+-----
Axes           | 2 3 |  3.6
Fighting       | |  3.2
Armour         | |  2.6
Shields        | |  2.6

Action                   || total
-------------------------++-------
Melee: War axe           ||    80
Armor: Scale mail        ||    79
Dodge: Dodged            ||    49
Block: Kite shield       ||    23

Table legend: (Time is in decaauts)
 A = Elapsed time spent in this place.
 B = Non-inter-level travel time spent in this place.
 C = Inter-level travel time spent in this place.
 D = Time resting spent in this place.
 E = Time spent auto-exploring this place.
 F = Levels seen in this place.
 G = Mean time per level.
                   A        B        C        D        E       F      G
               +--------+--------+--------+--------+--------+-----+--------+
         Total |    993 |    962 |     31 |      0 |    696 |   2 |  496.5 |
       Dungeon |    993 |    962 |     31 |      0 |    696 |   2 |  496.5 |
               +--------+--------+--------+--------+--------+-----+--------+

Top non-repeatable levels by time:
     D:1: 908 daAuts
     D:2: 84 daAuts
